 Dungeon Sprint DCSS version 0.28-b1-70-g80dc712255 (webtiles) character file.

Game seed: 14326782587357362414

23700000 xpp the Archmage (level 27, -17/199 (228) HPs)
             Began as a Djinni Warper on Feb 4, 2022.
             Was the Champion of Makhleb.
             Killed from afar by a wretched soul (92 damage)
             ... with a bolt of negative energy
             ... in the Dungeon (Sprint VIII: "Arena of Blood").
             The game lasted 00:24:35 (237 turns).

xpp the Archmage (Djinni Warper)                     Turns: 237, Time: 00:24:36

HP:   -17/199 (228) AC:  6    Str: 12    XL:     27
Gold: 0             EV: 28    Int: 23    God:    Makhleb [******] SH:  0 Dex: 17

rFire   + + +      SeeInvis +   h - +∞ Axe of Woe
rCold   x . .      Faith    .   (shield currently unavailable)
rNeg    . . .      Spirit   .   a - +0 leather armour
rPois   ∞          Reflect  .   (no helmet)
rElec   .          Harm     .   (no cloak)
rCorr   .          Rampage  .   (no gloves)
Will    ++...      NoTele   +   (boots unavailable)
Stlth   +++.......              (no amulet)
HPRegen 0.43/turn               i - ring of see invisible
MPRegen 0.00/turn               j - ring of protection from fire

@: calling dragons, flying, heavily drained
A: sickness immunity, fire resistance 2, cold vulnerability 1, float, innate
caster, HP casting, extra vitality 1
0: Orb of Zot
a: Renounce Religion, Minor Destruction, Lesser Servant of Makhleb, Major
Destruction, Greater Servant of Makhleb


You were in the Dungeon.
You worshipped Makhleb.
Makhleb was exalted by your worship.
You visited 1 branch

Inventory:

Hand Weapons
 h - the +∞ Axe of Woe (weapon)
   (You found it in the Dungeon)
Missiles
 c - 5 boomerangs of dispersal (quivered)
Armour
 a - a +0 leather armour (worn)
Jewellery
 f - a +100 ring of slaying
 i - a ring of see invisible (left hand)
 j - a ring of protection from fire (right hand)
Scrolls
 b - 2 scrolls of blinking
Potions
 d - a potion of curing
 e - a potion of heal wounds
 g - a potion of berserk rage


   Skills:
 O Level 27 Fighting
 O Level 27 Short Blades
 O Level 27 Long Blades
 O Level 27 Axes
 O Level 27 Maces & Flails
 O Level 27 Polearms
 O Level 27 Staves
 O Level 27 Slings
 O Level 27 Bows
 O Level 27 Crossbows
 O Level 27 Throwing
 O Level 27 Armour
 O Level 27 Dodging
 O Level 27 Stealth
 O Level 27 Shields
 O Level 27 Unarmed Combat
 O Level 27 Spellcasting
 O Level 27 Invocations
 O Level 27 Evocations


You couldn't memorise any spells.
You knew the following spells:

 Your Spells              Type           Power      Damage    Failure   Level
a - Blink                 Tloc           100%       N/A       0%          2
b - Lesser Beckoning      Tloc           100%       N/A       0%          3
c - Gell's Gravitas       Tloc           100%       N/A       0%          3
d - Teleport Other        Tloc           100%       N/A       0%          3
e - Manifold Assault      Tloc           100%       N/A       0%          5
f - Shock                 Conj/Air       100%       1d9       0%          1
g - Static Discharge      Conj/Air       100%       N/A       0%          2
h - Mephitic Cloud        Conj/Pois/Air  100%       N/A       0%          3
i - Anguish               Hex/Necr       50%        N/A       0%          4
j - Animate Dead          Necr           50%        N/A       0%          4
k - Fireball              Conj/Fire      50%        3d20      0%          5
l - Simulacrum            Ice/Necr       50%        N/A       0%          6
m - Malign Gateway        Summ/Tloc      50%        N/A       0%          7
n - Monstrous Menagerie   Summ           50%        N/A       0%          7
o - Storm Form            Tmut/Air       50%        N/A       0%          7
p - Ignition              Fire           50%        3d14      1%          8
q - Lehudib's Crystal Sp  Conj/Erth      50%        10d12     1%          8
r - Dragon's Call         Summ           50%        N/A       1%          9
Your spell library was empty.

Dungeon Overview and Level Annotations

Branches:
Dungeon (1/1)

Altars:
Makhleb


Innate Abilities, Weirdness & Mutations

You are immune to sickness and miasma.
You are immune to poison.
Your flesh is very heat resistant. (rF++)
You are vulnerable to cold. (rC-)
You float through the air rather than walking.
You learn spells naturally, not from books.
Your magical power is your life essence.
You have superior vitality. (+4 MHP)


Message History

Your quicksilver dragon is engulfed in poison gas.
Your quicksilver dragon is poisoned.
The fleshlord mumbles some strange words.
The fleshlord seems to speed up.
You hear a shout!
Casting: Manifold Assault (safe; 0% risk of failure)
Confirm with . or Enter, or press ? or * to list all spells.
Space momentarily warps into an impossible shape!
You open the Executioner like a pillowcase!!!
You slaughter the Executioner joyfully.
You kill the Executioner!
Makhleb accepts your kill.
You feel better.
You hit the bag of meat.
You butcher the bag of meat messily.
You kill the bag of meat!
Makhleb accepts your kill.
You feel better.
You slice the dread!!
You fatally mangle the dread.
You destroy the dread!
Makhleb accepts your kill.
You slice the dread!!
You slaughter the dread joyfully.
You destroy the dread!
Makhleb accepts your kill.
You feel better.
Your quicksilver dragon appears confused.
A vile comes into view. It is wielding a +0 flail.
The fleshlord casts a spell at your quicksilver dragon.
Your quicksilver dragon resists with almost no effort.
You hear a shout!
A dread comes into view.
Your shadow dragon bites the vile.
Your shadow dragon claws the vile. x2
A scourge comes into view.
The eight-headed meat hydra convulses!
The fleshlord convulses!
Your shadow dragon convulses!
Your quicksilver dragon convulses!
The eight-headed meat hydra calls on the powers of darkness!
The eight-headed meat hydra convulses!
The fleshlord convulses!
Your shadow dragon convulses!
Your quicksilver dragon convulses!
Your body is wracked with pain!
The wretched soul breathes negative energy at you.
The bolt of negative energy hits you!!!!
You feel drained.
You die...

#..))#....)...)...))))###......
#....##.)).).D#...9.S.._.....
#.).).#.....#.†)..p.#.....# ..
#......###).))..).S)#_.<._#....
#.....#).))W#.).....#)....#)...
#).).#)..).)).#....).)._....)..
#...)#†).†..).....O).)###§...).
#....)...........###..).§).###.
#.............@....#...)§§§#..
#....).).....)..D..#.......#..
#....)...)#.)).○○☼)))9).......
#).......#.#.#.○°○..D)........
#.)...)).)#.#.)°☼○○.○W...)....
#.)###)).#.#.#).).○○D§).....##
#)))○##)).#.#....)#☼○○§○...#...
#.))).#.).....†...○☼p○)○...#...
#.....).##.......##.#†))....).


You could see 2 eight-headed meat hydras, 2 scourges, 2 fleshlords, a dread, 2
viles, a wretched soul (invisible), a meat berserker (berserk), a friendly
shadow dragon (summoned) and a friendly quicksilver dragon (summoned, confused,
poisoned).

Vanquished Creatures
  8 molten gargoyles (D)
  Dispater (D)
  28 hell knights (D)
  Sigmund (D)
  17 hell beasts (D)
  Edmund (D)
  13 royal mummies (D)
  30 great orbs of eyes (D)
  26 wraiths (D)
  29 vampire knights (D)
  57 ogres (D)
  9 two-headed ogres (D)
  11 liches (D)
  18 hydras (D)
  110 orcs (D)
  26 phantoms (D)
  11 skeletal warriors (D)
  26 sea snakes (D)
  An Executioner (D)
423 creatures vanquished.

Vanquished Creatures (collateral kills)
  An orc (D)
  A sea snake (D)
2 creatures vanquished.

Vanquished Creatures (others)
  4 two-headed ogres (D)
  2 hydras (D)
  4 orcs (D)
  A sea snake (D)
11 creatures vanquished.

Grand Total: 436 creatures vanquished

Notes
Turn   | Place    | Note
-------+----------+-------------------------------------------
     0 | D        | Found the +∞ Axe of Woe
     0 | D        | xpp the Djinni Warper began the quest for the Orb.
     0 | D        | Reached XP level 1. HP: 18/18 MP: 0/0
     2 | D        | Noticed a bag of meat
     2 | D        | Noticed a bag of meat
     4 | D        | Became a worshipper of Makhleb the Destroyer
     4 | D        | Noticed a bag of meat
     4 | D        | Noticed a bag of meat
     7 | D        | Noticed a meat berserker
     8 | D        | Noticed a bag of meat
     9 | D        | Killed a bag of meat
    10 | D        | Reached skill level 15 in Spellcasting
    10 | D        | Reached XP level 2. HP: 34/34 MP: 0/0
    10 | D        | Reached XP level 3. HP: 40/40 MP: 0/0
    10 | D        | Learned a level 1 spell: Shock
    10 | D        | Reached XP level 4. HP: 45/45 MP: 0/0
    10 | D        | Reached XP level 5. HP: 50/50 MP: 0/0
    10 | D        | Learned a level 2 spell: Static Discharge
    10 | D        | Reached XP level 6. HP: 57/57 MP: 0/0
    10 | D        | Reached XP level 7. HP: 61/61 MP: 0/0
    10 | D        | Learned a level 3 spell: Mephitic Cloud
    10 | D        | Reached XP level 8. HP: 67/67 MP: 0/0
    10 | D        | Reached XP level 9. HP: 73/73 MP: 0/0
    10 | D        | Learned a level 4 spell: Anguish
    10 | D        | Reached XP level 10. HP: 78/78 MP: 0/0
    10 | D        | Reached XP level 11. HP: 84/84 MP: 0/0
    10 | D        | Learned a level 4 spell: Animate Dead
    10 | D        | Killed a meat berserker
    10 | D        | Reached * piety under Makhleb
    10 | D        | Noticed a meat berserker
    10 | D        | Noticed a meat berserker
    11 | D        | Reached XP level 12. HP: 94/94 MP: 0/0
    11 | D        | Reached XP level 13. HP: 100/100 MP: 0/0
    11 | D        | Learned a level 5 spell: Fireball
    11 | D        | Killed a bag of meat
    11 | D        | Noticed a bag of meat
    12 | D        | Reached skill level 15 in Axes
    12 | D        | Killed a bag of meat
    12 | D        | Killed a bag of meat
    12 | D        | Reached ** piety under Makhleb
    12 | D        | Noticed a bag of meat
    13 | D        | Reached XP level 14. HP: 111/111 MP: 0/0
    13 | D        | Noticed a bag of meat
    13 | D        | Noticed a bag of meat
    13 | D        | Noticed a bag of meat
    14 | D        | Killed a bag of meat
    14 | D        | Killed a meat berserker
    14 | D        | Killed a bag of meat
    14 | D        | Reached *** piety under Makhleb
    14 | D        | Killed a bag of meat
    14 | D        | Noticed a bag of meat
    14 | D        | Noticed a meat berserker
    15 | D        | Reached XP level 15. HP: 121/121 MP: 0/0
    15 | D        | Learned a level 6 spell: Simulacrum
    15 | D        | Killed a meat berserker
    15 | D        | Reached **** piety under Makhleb
    15 | D        | Noticed a meat berserker
    16 | D        | Reached skill level 27 in Spellcasting
    16 | D        | Reached XP level 16. HP: 137/137 MP: 0/0
    16 | D        | Reached XP level 17. HP: 142/142 MP: 0/0
    16 | D        | Learned a level 7 spell: Malign Gateway
    16 | D        | Killed a meat berserker
    16 | D        | Killed a meat berserker
    16 | D        | Reached ***** piety under Makhleb
    16 | D        | Noticed a meat berserker
    17 | D        | Noticed a meat berserker
    19 | D        | Noticed a meat berserker
    21 | D        | Reached skill level 27 in Axes
    21 | D        | Reached XP level 18. HP: 161/161 MP: 0/0
    21 | D        | Noticed a large bag of meat
    21 | D        | Killed a meat berserker
    21 | D        | Reached ****** piety under Makhleb
    21 | D        | Killed a meat berserker
    22 | D        | Reached skill level 27 in Fighting
    22 | D        | Reached XP level 19. HP: 174/174 MP: 0/0
    22 | D        | Learned a level 7 spell: Monstrous Menagerie
    22 | D        | Noticed a destroyer
    22 | D        | Noticed a large bag of meat
    23 | D        | Reached skill level 27 in Stealth
    23 | D        | Reached XP level 20. HP: 181/181 MP: 0/0
    23 | D        | Killed a large bag of meat
    23 | D        | Killed a meat berserker
    23 | D        | Noticed a large bag of meat
    24 | D        | Reached skill level 27 in Dodging
    24 | D        | Noticed a destroyer
    24 | D        | Killed a large bag of meat
    24 | D        | Killed a destroyer
    25 | D        | Reached skill level 10 in Bows
    25 | D        | Reached skill level 10 in Crossbows
    25 | D        | Reached XP level 21. HP: 187/187 MP: 0/0
    25 | D        | Learned a level 7 spell: Storm Form
    25 | D        | Killed a destroyer
    25 | D        | Killed a large bag of meat
    26 | D        | Reached XP level 22. HP: 194/194 MP: 0/0
    26 | D        | Noticed a destroyer
    29 | D        | Noticed a large bag of meat
    29 | D        | Killed a large bag of meat
    29 | D        | Killed a destroyer
    30 | D        | Reached skill level 15 in Bows
    30 | D        | Noticed an eight-headed meat hydra
    34 | D        | Noticed a destroyer
    38 | D        | Killed a destroyer
    39 | D        | Reached skill level 15 in Crossbows
    39 | D        | Reached XP level 23. HP: 201/201 MP: 0/0
    39 | D        | Learned a level 8 spell: Ignition
    53 | D        | Noticed a tyrant
    54 | D        | Killed a tyrant
    54 | D        | Noticed an accursed
    55 | D        | Killed an accursed
    56 | D        | Reached XP level 24. HP: 102/208 MP: 0/0
    58 | D        | Noticed a destroyer
    62 | D        | Noticed an accursed
    62 | D        | Noticed a tyrant
    62 | D        | Noticed an accursed
    63 | D        | Killed a destroyer
    63 | D        | Killed an accursed
    64 | D        | Reached XP level 25. HP: 108/214 MP: 0/0
    64 | D        | Learned a level 8 spell: Lehudib's Crystal Spear
    64 | D        | Killed an accursed
    64 | D        | Noticed an accursed
    65 | D        | Killed an accursed
    66 | D        | Reached skill level 27 in Shields
    66 | D        | Reached skill level 27 in Invocations
    66 | D        | Reached skill level 27 in Evocations
    66 | D        | Reached XP level 26. HP: 97/221 MP: 0/0
    66 | D        | Killed a tyrant
    67 | D        | Noticed a large bag of meat
    67 | D        | Noticed a large bag of meat
    68 | D        | Killed a large bag of meat
    69 | D        | Reached skill level 27 in Short Blades
    69 | D        | Reached skill level 27 in Long Blades
    69 | D        | Reached skill level 27 in Staves
    69 | D        | Reached skill level 27 in Bows
    69 | D        | Reached skill level 27 in Crossbows
    71 | D        | Killed a large bag of meat
    72 | D        | Reached skill level 10 in Armour
    72 | D        | Reached XP level 27. HP: 214/228 MP: 0/0
    72 | D        | Learned a level 9 spell: Dragon's Call
    73 | D        | Noticed a large bag of meat
    73 | D        | Noticed a destroyer
    73 | D        | Noticed a tyrant
    73 | D        | Noticed a meat beast
    73 | D        | Noticed a destroyer
    74 | D        | Noticed a destroyer
    76 | D        | Reached skill level 27 in Unarmed Combat
    76 | D        | Noticed a destroyer
    76 | D        | Killed a destroyer
    77 | D        | Reached skill level 27 in Armour
    77 | D        | Noticed a meat beast
    77 | D        | Killed a destroyer
    79 | D        | Killed a meat beast
    80 | D        | Reached skill level 27 in Throwing
    80 | D        | Killed a large bag of meat
    80 | D        | Noticed a meat beast
    81 | D        | Killed a destroyer
    82 | D        | Killed a tyrant
    82 | D        | Noticed a meat beast
    83 | D        | Killed a destroyer
    83 | D        | Killed a meat beast
    84 | D        | Killed a meat beast
    84 | D        | Noticed a meat beast
    85 | D        | Reached skill level 27 in Maces & Flails
    85 | D        | Reached skill level 27 in Polearms
    85 | D        | Reached skill level 27 in Slings
    87 | D        | Noticed a tyrant
    87 | D        | Killed a tyrant
    87 | D        | Killed a meat beast
    93 | D        | Noticed an accursed
    93 | D        | Killed an accursed
    97 | D        | Noticed a meat beast
    98 | D        | Killed a meat beast
   101 | D        | Noticed The Defiler
   102 | D        | Killed The Defiler
   103 | D        | Noticed an accursed
   104 | D        | Noticed a destroyer
   104 | D        | Noticed an accursed
   104 | D        | Noticed a large bag of meat
   105 | D        | Noticed a tyrant
   106 | D        | Killed a destroyer
   106 | D        | Killed an accursed
   107 | D        | Killed an accursed
   107 | D        | Killed a tyrant
   107 | D        | Killed a large bag of meat
   114 | D        | Noticed a meat beast
   115 | D        | Killed a meat beast
   116 | D        | Noticed a destroyer
   117 | D        | Killed a destroyer
   119 | D        | Noticed a tyrant
   120 | D        | Killed a tyrant
   120 | D        | Noticed a meat beast
   121 | D        | Noticed a destroyer
   122 | D        | Killed a destroyer
   122 | D        | Killed a meat beast
   123 | D        | Noticed an accursed
   124 | D        | Killed an accursed
   124 | D        | Noticed a destroyer
   126 | D        | Killed a destroyer
   127 | D        | Noticed a fleshlord
   127 | D        | Noticed a meat beast
   128 | D        | Noticed a fleshlord
   128 | D        | Noticed an accursed
   128 | D        | Noticed a destroyer
   129 | D        | Killed an accursed
   129 | D        | Killed a fleshlord
   130 | D        | Killed a meat beast
   130 | D        | Killed a fleshlord
   131 | D        | Killed a destroyer
   132 | D        | Noticed a meat beast
   132 | D        | Noticed a fleshlord
   133 | D        | Killed a meat beast
   133 | D        | Killed a fleshlord
   134 | D        | Noticed a large bag of meat
   134 | D        | Noticed a dread
   134 | D        | Noticed a fleshlord
   134 | D        | Noticed a destroyer
   135 | D        | Killed a destroyer
   135 | D        | Killed a fleshlord
   135 | D        | Noticed a meat beast
   136 | D        | Killed a large bag of meat
   136 | D        | Killed a dread
   136 | D        | Noticed a fleshlord
   136 | D        | Noticed a fleshlord
   137 | D        | Killed a fleshlord
   138 | D        | Killed a fleshlord
   138 | D        | Killed a meat beast
   138 | D        | Noticed a destroyer
   139 | D        | Killed a destroyer
   140 | D        | Noticed a destroyer
   141 | D        | Noticed a destroyer
   142 | D        | Noticed a meat beast
   142 | D        | Killed a destroyer
   142 | D        | Killed a destroyer
   142 | D        | Killed a meat beast
   145 | D        | Noticed a dread
   146 | D        | Noticed a tyrant
   146 | D        | Killed a tyrant
   146 | D        | Killed a dread
   148 | D        | Noticed a destroyer
   148 | D        | Killed a destroyer
   148 | D        | Noticed a tyrant
   149 | D        | Killed a tyrant
   149 | D        | Noticed a dread
   150 | D        | Killed a dread
   150 | D        | Noticed a fleshlord
   151 | D        | Noticed a fleshlord
   151 | D        | Noticed a dread
   152 | D        | Noticed a destroyer
   152 | D        | Killed a destroyer
   153 | D        | Killed a fleshlord
   153 | D        | Killed a dread
   154 | D        | Killed a fleshlord
   154 | D        | Noticed a dread
   155 | D        | Killed a dread
   155 | D        | Noticed a fleshlord
   155 | D        | Noticed a fleshlord
   155 | D        | Noticed a dread
   155 | D        | Killed a large bag of meat
   156 | D        | Noticed a destroyer
   156 | D        | Killed a dread
   156 | D        | Killed a fleshlord
   156 | D        | Killed a fleshlord
   156 | D        | Killed a destroyer
   157 | D        | Killed a large bag of meat
   157 | D        | Noticed The Captor
   158 | D        | Killed The Captor
   158 | D        | Noticed a fleshlord
   159 | D        | Killed a fleshlord
   160 | D        | Noticed a meat beast
   160 | D        | Noticed a destroyer
   161 | D        | Killed a destroyer
   163 | D        | Killed a meat beast
   163 | D        | Noticed a destroyer
   165 | D        | Killed a destroyer
   167 | D        | Noticed a meat beast
   168 | D        | Killed a meat beast
   169 | D        | Noticed a dread
   170 | D        | Killed a dread
   171 | D        | Noticed a destroyer
   173 | D        | Killed a destroyer
   173 | D        | Noticed a dread
   174 | D        | Noticed a dread
   174 | D        | Killed a dread
   174 | D        | Killed a dread
   177 | D        | Noticed a destroyer
   177 | D        | Killed a destroyer
   177 | D        | Noticed a meat beast
   177 | D        | Noticed an accursed
   178 | D        | Noticed a fleshlord
   178 | D        | Noticed a tyrant
   179 | D        | Killed a tyrant
   179 | D        | Killed a fleshlord
   179 | D        | Killed an accursed
   179 | D        | Noticed an accursed
   179 | D        | Noticed a destroyer
   180 | D        | Noticed a destroyer
   180 | D        | Killed an accursed
   181 | D        | Killed a destroyer
   181 | D        | Killed a meat beast
   181 | D        | Noticed a fleshlord
   182 | D        | Killed a fleshlord
   182 | D        | Killed a destroyer
   183 | D        | Noticed a destroyer
   183 | D        | Noticed a fleshlord
   184 | D        | Killed a fleshlord
   184 | D        | Noticed a fleshlord
   186 | D        | Killed a fleshlord
   186 | D        | Noticed an accursed
   187 | D        | Killed a destroyer
   187 | D        | Killed an accursed
   188 | D        | Noticed a fleshlord
   189 | D        | Killed a fleshlord
   192 | D        | Noticed a dread
   193 | D        | Killed a dread
   194 | D        | Noticed a dread
   195 | D        | Killed a dread
   196 | D        | Noticed a meat beast
   197 | D        | Noticed a dread
   198 | D        | Killed a dread
   198 | D        | Noticed a tyrant
   199 | D        | Killed a tyrant
   199 | D        | Noticed a fleshlord
   200 | D        | Killed a fleshlord
   201 | D        | Killed a meat beast
   202 | D        | Noticed a tyrant
   202 | D        | Noticed a dread
   203 | D        | Killed a tyrant
   203 | D        | Killed a dread
   206 | D        | Noticed a dread
   206 | D        | Killed a dread
   209 | D        | Noticed a fleshlord
   210 | D        | Noticed a vile
   210 | D        | Killed a fleshlord
   210 | D        | Killed a vile
   212 | D        | Noticed a fleshlord
   212 | D        | Killed a fleshlord
   213 | D        | Noticed a dread
   214 | D        | Killed a dread
   214 | D        | Noticed a vile
   214 | D        | Noticed a destroyer
   214 | D        | Noticed a fleshlord
   215 | D        | Noticed a dread
   215 | D        | Killed a dread
   215 | D        | Killed a fleshlord
   215 | D        | Killed a vile
   215 | D        | Noticed a dread
   216 | D        | Killed a destroyer
   216 | D        | Killed a dread
   216 | D        | Noticed a fleshlord
   216 | D        | Noticed an accursed
   217 | D        | Noticed a vile
   217 | D        | Killed a vile
   217 | D        | Killed an accursed
   217 | D        | Killed a fleshlord
   218 | D        | Noticed a fleshlord
   219 | D        | Killed a fleshlord
   220 | D        | Noticed a vile
   220 | D        | Killed a vile
   221 | D        | Noticed a dread
   221 | D        | Noticed a vile
   221 | D        | Noticed a fleshlord
   222 | D        | Killed a vile
   222 | D        | Killed a fleshlord
   224 | D        | Killed a dread
   224 | D        | Noticed a fleshlord
   225 | D        | Noticed a vile
   225 | D        | Killed a fleshlord
   225 | D        | Killed a vile
   226 | D        | Noticed a dread
   226 | D        | Noticed a dread
   226 | D        | Noticed a fleshlord
   227 | D        | Killed a fleshlord
   227 | D        | Noticed a fleshlord
   227 | D        | Noticed a fleshlord
   227 | D        | Killed a large bag of meat
   227 | D        | Killed a large bag of meat
   228 | D        | Killed a dread
   228 | D        | Killed a fleshlord
   228 | D        | Killed a fleshlord
   228 | D        | Noticed a dread
   229 | D        | Killed a dread
   229 | D        | Noticed a meat beast
   229 | D        | Noticed a fleshlord
   229 | D        | Noticed The Meatlord
   229 | D        | Noticed a dread
   230 | D        | Killed a meat beast
   230 | D        | Killed a dread
   230 | D        | Killed a fleshlord
   230 | D        | Noticed a dread
   231 | D        | Killed a dread
   231 | D        | Killed The Meatlord
   231 | D        | Killed a dread
   231 | D        | Noticed a vile
   231 | D        | Noticed a vile
   232 | D        | Killed a vile
   232 | D        | Killed a vile
   232 | D        | Noticed a meat beast
   233 | D        | Got the Orb of Zot
   234 | D        | Killed a meat beast
   234 | D        | Noticed a fleshlord
   235 | D        | Noticed a fleshlord
   235 | D        | Noticed a dread
   235 | D        | Noticed a dread
   236 | D        | Killed a dread
   236 | D        | Noticed a vile
   236 | D        | Noticed a dread
   237 | D        | Killed a dread
   237 | D        | Killed a dread
   237 | D        | Noticed a vile
   237 | D        | Noticed a dread
   237 | D        | Killed from afar by a wretched soul

Illustrated notes

Levels and vault maps discovered:
D:        meatsprint

Skill      XL: |  1  2  3  4  5  6  7  8  9 10 11 12 13 14 15 16 17 18 19 20 21 22 23 24 25 26 27 |
---------------+----------------------------------------------------------------------------------+-----
Fighting       | 9 11 13 16 19 24 27 | 27.0
Axes           | 11 14 16 19 24 27 | 27.0
Spellcasting   | 15 19 22 26 27 | 27.0
Dodging        | 11 14 22 27 | 27.0
Stealth        | 17 25 27 | 27.0
Short Blades   | 11 13 17 20 23 26 27 | 27.0
Long Blades    | 11 13 17 20 23 26 27 | 27.0
Staves         | 11 13 17 20 23 26 27 | 27.0
Bows           | 10 12 16 18 22 24 27 | 27.0
Crossbows      | 10 12 15 18 21 23 27 | 27.0
Shields        | 12 14 18 21 24 27 | 27.0
Invocations    | 12 14 18 21 24 27 | 27.0
Evocations     | 12 14 18 21 24 27 | 27.0
Throwing       | 6 27 | 27.0
Armour         | 10 27 | 27.0
Unarmed Combat | 17 27 | 27.0
Maces & Flails | 27 | 27.0
Polearms       | 27 | 27.0
Slings         | 27 | 27.0

Action                   |  1- 3 |  4- 6 |  7- 9 | 10-12 | 13-15 | 16-18 | 19-21 | 22-24 | 25-27 || total
-------------------------+-------+-------+-------+-------+-------+-------+-------+-------+-------++-------
Melee: Executioner's axe |     1 |       |       |     1 |    10 |    11 |    14 |    21 |   360 ||   418
 Cast: Manifold Assault  |       |       |       |       |     2 |     3 |     4 |     7 |   101 ||   117
       Dragon's Call     |       |       |       |       |       |       |       |       |     2 ||     2
  Use: Potion            |     1 |       |       |       |       |       |       |       |       ||     1
Armor: Leather armour    |       |       |       |       |       |       |       |       |     1 ||     1
Dodge: Dodged            |       |       |       |       |       |       |       |       |     3 ||     3
